[Event "ICC tourney 2545 (5 3)"]
[Site "Internet Chess Club"]
[Date "2021.04.11"]
[Round "7"]
[White "TYH"]
[Black "pumukel"]
[Result "0-1"]
[ICCResult "White resigns"]
[WhiteElo "1670"]
[BlackElo "1619"]
[Opening "English: symmetrical variation"]
[ECO "A30"]
[NIC "EO.64"]
[Time "16:41:15"]
[TimeControl "300+3"]

1. c4 c5 2. g3 d6 3. Bg2 Nd7 4. Nf3 Ngf6 5. O-O e6 6. Nc3 a6 7. d4 cxd4 8.
Nxd4 Be7 9. e4 Qc7 10. b3 O-O 11. Bb2 Rb8 12. Rc1 b6 13. Qe2 Bb7 14. f4 Rbc8
15. f5 e5 16. Nf3 Qb8 17. Nd5 Bxd5 18. exd5 b5 19. cxb5 axb5 20. Nd2 Qa7+
21. Kh1 Qxa2 22. Ne4 Qxb3 23. g4 Nxe4 24. Bxe4 Nf6 25. Rb1 Nxe4 26. Qxe4 Rc4
27. Qg2 Rc2 28. Rf2 Rxf2 29. Qxf2 Qxd5+ 30. Kg1 Bg5 31. h4 Bf4 32. g5 Qe4
33. Rf1 Be3 {White resigns} 0-1

[Event "ICC tourney 2545 (5 3)"]
[Site "Internet Chess Club"]
[Date "2021.04.11"]
[Round "7"]
[White "Fimachess2021"]
[Black "Moncu"]
[Result "0-1"]
[ICCResult "White resigns"]
[WhiteElo "1461"]
[BlackElo "2284"]
[Opening "King's Indian: Petrosian system, Stein variation"]
[ECO "E92"]
[NIC "KI.17"]
[Time "16:40:07"]
[TimeControl "300+3"]

1. d4 Nf6 2. c4 g6 3. Nc3 Bg7 4. e4 O-O 5. Nf3 d6 6. Be2 e5 7. d5 a5 8. Bg5
h6 9. Bh4 Na6 10. O-O Nc5 11. Nd2 Bd7 12. f3 h5 13. Bf2 Bh6 14. Qc2 Ne8 15.
Rad1 h4 16. h3 Bf4 17. Rfe1 Qg5 18. Bf1 Nf6 19. Kh1 Nh5 20. b3 Ng3+ 21. Bxg3
Qxg3 22. Kg1 Bxh3 23. Ne2 Qh2+ 24. Kf2 Bg3+ 25. Ke3 Bxg2 26. Nxg3 Qxg3 27.
Bxg2 Qxg2 28. Rg1 Qh2 29. Rh1 Qf4+ 30. Ke2 g5 31. Rdg1 f5 32. exf5 e4 33.
fxe4 Rae8 34. Rf1 Qe5 35. Rhg1 Rxf5 36. Kd1 Rxf1+ 37. Rxf1 Nxe4 38. Nxe4
Qxe4 39. Qxe4 Rxe4 40. Rf5 Re5 {White resigns} 0-1

[Event "ICC tourney 2545 (5 3)"]
[Site "Internet Chess Club"]
[Date "2021.04.11"]
[Round "7"]
[White "tistime"]
[Black "Hunab"]
[Result "1/2-1/2"]
[ICCResult "Game drawn by repetition"]
[WhiteElo "1308"]
[BlackElo "1469"]
[Opening "French: advance, Nimzovich system"]
[ECO "C02"]
[NIC "FR.03"]
[Time "16:41:11"]
[TimeControl "300+3"]

1. d4 e6 2. e4 d5 3. e5 c5 4. Nf3 Nc6 5. Bb5 Qb6 6. a4 Bd7 7. Be3 a6 8. Bxc6
bxc6 9. a5 Qxb2 10. Nbd2 c4 11. O-O Qb7 12. Rb1 Qc7 13. Ng5 h6 14. Qh5 g6
15. Qh3 Bg7 16. Ngf3 Ne7 17. Rb6 Nc8 18. Rb2 Qxa5 19. Rfb1 Ne7 20. Nf1 Nf5
21. Bd2 c3 22. Rb8+ Rxb8 23. Rxb8+ Ke7 24. Bg5+ hxg5 25. Rxh8 Bxh8 26. Qxh8
Qd8 27. Qf6+ Ke8 28. Qh8+ Ke7 29. Qf6+ Ke8 30. Qh8+ Ke7 31. Qf6+ Ke8 32.
Qh8+ Ke7 33. Qf6+ Ke8 34. Qh8+ Ke7 35. Qf6+ Ke8 36. Qh8+ Ke7 37. Qf6+ Ke8
38. Qh8+ Ke7 39. Qf6+ Ke8 40. Qh8+ Ke7 41. Qf6+ Ke8 42. Qh8+ Ke7 43. Qf6+
Ke8 44. Qh8+ Ke7 45. Qf6+ Ke8 {Game drawn by repetition} 1/2-1/2

[Event "ICC tourney 2545 (5 3)"]
[Site "Internet Chess Club"]
[Date "2021.04.11"]
[Round "7"]
[White "Kyle45"]
[Black "Toya"]
[Result "0-1"]
[ICCResult "White checkmated"]
[WhiteElo "1453"]
[BlackElo "1414"]
[Opening "Petrov: modern attack, Symmetrical variation"]
[ECO "C43"]
[NIC "RG.02"]
[Time "16:40:24"]
[TimeControl "300+3"]

1. e4 e5 2. Nf3 Nf6 3. d4 Nxe4 4. dxe5 d5 5. exd6 Nxd6 6. Bd3 Be7 7. O-O O-O
8. Bf4 Nc6 9. Nbd2 h6 10. c3 Bg4 11. Qc2 f5 12. Ne5 Nxe5 13. Bxe5 a6 14. f3
Bh5 15. Rad1 b5 16. Bxd6 Bxd6 17. Bxf5 Bc5+ 18. Kh1 Qf6 19. Bh3 Bb6 20. Ne4
Qh4 21. Be6+ Kh8 22. Rd7 Rae8 23. Bb3 Bg4 24. c4 Bxd7 25. c5 Ba7 26. Rd1 Bf5
27. Bd5 Bxe4 28. Bxe4 c6 29. Bxc6 Re1+ 30. Rxe1 Qxe1# {White checkmated} 0-1

[Event "ICC tourney 2545 (5 3)"]
[Site "Internet Chess Club"]
[Date "2021.04.11"]
[Round "7"]
[White "e4f5"]
[Black "chessrex"]
[Result "1-0"]
[ICCResult "Black resigns"]
[WhiteElo "1888"]
[BlackElo "1804"]
[Opening "QP counter-gambit: Maroczy gambit"]
[ECO "C40"]
[NIC "KP.10"]
[Time "16:40:46"]
[TimeControl "300+3"]

1. e4 e5 2. Nf3 d5 3. exd5 Bd6 4. d4 e4 5. Ne5 Qe7 6. Bb5+ Nd7 7. Nxd7 Bxd7
8. Bxd7+ Qxd7 9. O-O Nf6 10. c4 b6 11. Bg5 Ng4 12. h3 h6 13. Bh4 g5 14. Qxg4
Qxg4 15. hxg4 gxh4 16. Re1 O-O-O 17. Rxe4 Rhg8 18. Nd2 h3 19. g3 f5 20. gxf5
Rdf8 21. Rh4 Rxf5 22. Rxh3 Rgf8 23. f4 Rg8 24. Kf2 h5 25. Rah1 Rh8 26. Ne4
Be7 27. Ke3 Kd7 28. g4 Rf7 29. Rxh5 Rhf8 30. f5 Rg8 31. Kf4 c6 32. dxc6+
Kxc6 33. g5 Bd8 34. f6 Bc7+ 35. Kf5 Bd8 36. g6 Rff8 37. f7 Rg7 38. Rh7
{Black resigns}
1-0

[Event "ICC tourney 2545 (5 3)"]
[Site "Internet Chess Club"]
[Date "2021.04.11"]
[Round "7"]
[White "ethansun188"]
[Black "ROWLAND"]
[Result "1-0"]
[ICCResult "Black checkmated"]
[WhiteElo "1273"]
[BlackElo "1552"]
[Opening "English opening"]
[ECO "A16"]
[NIC "EO.64"]
[Time "16:40:09"]
[TimeControl "300+3"]

1. c4 Nf6 2. Nc3 g6 3. Nf3 Bg7 4. g3 O-O 5. Bg2 d6 6. O-O e5 7. e3 Nc6 8. d4
exd4 9. exd4 Bg4 10. d5 Ne5 11. Qe2 Re8 12. Qd1 Nxc4 13. h3 Bxf3 14. Bxf3
Qd7 15. Bg2 Nb6 16. Bf4 Nh5 17. Be3 Rxe3 18. fxe3 Nxg3 19. Qf3 Nf5 20. Rad1
Be5 21. e4 Nd4 22. Qf2 Rf8 23. Rxd4 Bxd4 24. Qxd4 Qe7 25. Qf6 Qxf6 26. Rxf6
Kg7 27. Rf1 f5 28. exf5 Rxf5 29. Rxf5 gxf5 30. Kf2 Kf6 31. Kf3 Ke5 32. Kg3
Nc4 33. b3 Ne3 34. Nb5 Nxg2 35. Kxg2 Kxd5 36. Nxc7+ Ke4 37. Nb5 d5 38. Nxa7
d4 39. Kf2 Kd3 40. Nb5 Ke4 41. Ke2 f4 42. Nd6+ Kd5 43. Nc4 Ke4 44. Nd2+ Kf5
45. Kd3 Kg5 46. Kxd4 Kh4 47. Ke4 Kg3 48. a4 h5 49. b4 h4 50. b5 b6 51. a5
bxa5 52. b6 a4 53. b7 a3 54. b8=Q a2 55. Qxf4+ Kg2 56. Qf3+ Kh2 57. Nf1+ Kg1
58. Qe3+ Kxf1 59. Kf3 a1=Q 60. Qf2# {Black checkmated} 1-0

[Event "ICC tourney 2545 (5 3)"]
[Site "Internet Chess Club"]
[Date "2021.04.11"]
[Round "7"]
[White "objetpetit-zam"]
[Black "jgse19811"]
[Result "0-1"]
[ICCResult "White checkmated"]
[WhiteElo "1327"]
[BlackElo "1354"]
[Opening "French defense"]
[ECO "C00"]
[NIC "FR.01"]
[Time "16:41:20"]
[TimeControl "300+3"]

1. e4 e6 2. Nf3 d5 3. e5 Ne7 4. b3 Ng6 5. Bb2 Be7 6. c4 Nd7 7. cxd5 Nc5 8.
dxe6 Bxe6 9. d4 Ne4 10. Bc4 Bb4+ 11. Nbd2 Bxd2+ 12. Nxd2 Bxc4 13. bxc4 Ng5
14. O-O O-O 15. f4 Ne6 16. f5 Ngf4 17. fxe6 Qg5 18. Rf2 Nh3+ 19. Kf1 Nxf2
20. Kxf2 fxe6+ 21. Kg1 Qe3+ 22. Kh1 Rf2 23. Nf1 Qe4 24. Ng3 Qxg2#
{White checkmated}
0-1

[Event "ICC tourney 2545 (5 3)"]
[Site "Internet Chess Club"]
[Date "2021.04.11"]
[Round "7"]
[White "Artist2020"]
[Black "BK10"]
[Result "0-1"]
[ICCResult "White resigns"]
[WhiteElo "1663"]
[BlackElo "1586"]
[Opening "Old Benoni: Mujannah formation"]
[ECO "A43"]
[NIC "OI.09"]
[Time "16:40:23"]
[TimeControl "300+3"]

1. d4 c5 2. d5 f5 3. c4 Nf6 4. Nc3 g6 5. Nf3 Bg7 6. d6 e6 7. Nb5 Na6 8. Bf4
O-O 9. Nc7 Rb8 10. Nxa6 bxa6 11. Qc2 Qb6 12. Rb1 Ne4 13. Be5 Qb4+ 14. Kd1
Nxf2+ 15. Kc1 Bxe5 16. a3 Qa5 17. b4 Qxa3+ 18. Kd2 Bf4+ 19. Ke1 Nxh1 20. g3
Bxd6 21. Bg2 Nxg3 22. hxg3 Bxg3+ 23. Kf1 Rxb4 24. Rxb4 cxb4 25. Nd2 Qe3
{White resigns}
0-1

[Event "ICC tourney 2545 (5 3)"]
[Site "Internet Chess Club"]
[Date "2021.04.11"]
[Round "7"]
[White "volver"]
[Black "dashriprock"]
[Result "0-1"]
[ICCResult "White checkmated"]
[WhiteElo "1347"]
[BlackElo "1438"]
[Opening "Old Benoni defense"]
[ECO "A43"]
[NIC "OI.09"]
[Time "16:40:49"]
[TimeControl "300+3"]

1. d4 c5 2. c3 Nf6 3. Nf3 g6 4. e3 Bg7 5. Bd3 O-O 6. O-O d5 7. Re1 Nc6 8.
Nbd2 b6 9. b3 Bb7 10. Bb2 Re8 11. Qe2 e5 12. dxe5 Nxe5 13. Nxe5 Rxe5 14. Nf3
Rh5 15. Rad1 Qc7 16. h3 Re8 17. Qf1 c4 18. bxc4 dxc4 19. Bxc4 Bxf3 20. gxf3
Rg5+ 21. Kh1 Nh5 22. Be2 Qc6 23. e4 Nf4 24. a4 Rh5 25. Bb5 Rxh3+ 26. Kg1 Qf6
27. Rd5 Re5 28. Rxe5 Qxe5 29. Bd7 Qg5+ 30. Bg4 h5 31. Bc1 hxg4 32. Bxf4 Qxf4
33. fxg4 Qh2# {White checkmated} 0-1

[Event "ICC tourney 2545 (5 3)"]
[Site "Internet Chess Club"]
[Date "2021.04.11"]
[Round "7"]
[White "Openyagami"]
[Black "ulfbert"]
[Result "1-0"]
[ICCResult "Black checkmated"]
[WhiteElo "2521"]
[BlackElo "1879"]
[Opening "Grünfeld: exchange, Spassky variation"]
[ECO "D87"]
[NIC "GI.04"]
[Time "16:40:32"]
[TimeControl "300+3"]

1. d4 Nf6 2. c4 g6 3. Nc3 d5 4. cxd5 Nxd5 5. e4 Nxc3 6. bxc3 c5 7. Bc4 Bg7
8. Ne2 O-O 9. Be3 Qc7 10. Rc1 b6 11. dxc5 e6 12. Qd6 Qc6 13. f3 bxc5 14.
Bxc5 Qxd6 15. Bxd6 Rd8 16. Bf4 Nc6 17. Kf2 Na5 18. Bc7 Nxc4 19. Bxd8 Bb7 20.
Rhd1 Rc8 21. Be7 Bc6 22. Rd8+ Rxd8 23. Bxd8 Kf8 24. Rb1 Ke8 25. Bg5 h6 26.
Be3 a6 27. Nd4 Bd7 28. Rb7 Bf6 29. Bxh6 e5 30. Rb8+ Ke7 31. Bf8#
{Black checkmated}
1-0

[Event "ICC tourney 2545 (5 3)"]
[Site "Internet Chess Club"]
[Date "2021.04.11"]
[Round "7"]
[White "jayam111"]
[Black "devimuru"]
[Result "1-0"]
[ICCResult "Black checkmated"]
[WhiteElo "1541"]
[BlackElo "1052"]
[Opening "Ruy Lopez: Berlin defense"]
[ECO "C65"]
[NIC "RL.07"]
[Time "16:41:03"]
[TimeControl "300+3"]

1. e4 e5 2. Nf3 Nc6 3. Bb5 Nf6 4. Bxc6 dxc6 5. O-O Bc5 6. Nxe5 Be6 7. d4 Bc4
8. Nxc4 Bb6 9. Nxb6 axb6 10. e5 Ne4 11. Re1 Ng5 12. Qg4 h6 13. Bxg5 hxg5 14.
e6 fxe6 15. Rxe6+ Kf8 16. Qf5+ Kg8 17. Nc3 Rh6 18. Rae1 Rxe6 19. Qxe6+ Kh8
20. d5 cxd5 21. Nxd5 Rxa2 22. Nxc7 Qxc7 23. Qxa2 g4 24. Qb1 Qd7 25. c3 Qd8
26. Qg6 Qg8 27. Re8 Qxe8 28. Qxe8+ Kh7 29. Qe4+ Kh8 30. Qxb7 g6 31. Qxb6 Kh7
32. Qc7+ Kg8 33. b4 Kf8 34. b5 g3 35. b6 gxf2+ 36. Kxf2 g5 37. b7 g4 38.
b8=Q# {Black checkmated} 1-0

[Event "ICC tourney 2545 (5 3)"]
[Site "Internet Chess Club"]
[Date "2021.04.11"]
[Round "7"]
[White "sakharov"]
[Black "shawnchicken"]
[Result "1-0"]
[ICCResult "Black resigns"]
[WhiteElo "1497"]
[BlackElo "1416"]
[Opening "English: symmetrical variation"]
[ECO "A35"]
[NIC "EO.64"]
[Time "16:41:15"]
[TimeControl "300+3"]

1. c4 c5 2. Nc3 Nc6 3. Nf3 d6 4. d4 cxd4 5. Nxd4 Nf6 6. e4 e5 7. Nc2 Be6 8.
Bd3 Rc8 9. Nd5 Be7 10. O-O O-O 11. b4 a6 12. a4 Bxd5 13. cxd5 Nb8 14. Qe2
Qb6 15. a5 Qc7 16. Ne3 Qc3 17. Bb2 Qxb4 18. Nf5 Rfe8 19. Rfb1 Qc5 20. Rc1
Qb4 21. Rxc8 {Black resigns} 1-0

[Event "ICC tourney 2545 (5 3)"]
[Site "Internet Chess Club"]
[Date "2021.04.11"]
[Round "7"]
[White "MrsPiggy"]
[Black "robbonz"]
[Result "1-0"]
[ICCResult "Black checkmated"]
[WhiteElo "1341"]
[BlackElo "687"]
[Opening "Queen's pawn: Charlick (Englund) gambit"]
[ECO "A40"]
[NIC "QO.17"]
[Time "16:40:38"]
[TimeControl "300+3"]

1. d4 e5 2. dxe5 Nc6 3. Nf3 d6 4. exd6 Bxd6 5. Nc3 Nf6 6. e3 O-O 7. Bd3 g6
8. O-O Bg4 9. Be2 Re8 10. h3 Bxf3 11. Bxf3 Ne5 12. Bxb7 Rb8 13. Ba6 Bb4 14.
Bd2 Nd5 15. Nxd5 Qxd5 16. Bxb4 Qxd1 17. Raxd1 Red8 18. Rxd8+ Rxd8 19. Bc3
Nc4 20. Bxc4 Rd6 21. Bd3 f5 22. Rd1 c5 23. Bc4+ Kf8 24. Rxd6 g5 25. Rd5 g4
26. Rxf5+ Ke7 27. hxg4 a5 28. Rxc5 a4 29. Rc7+ Kd6 30. Rxh7 Kc5 31. Bd3 a3
32. b3 Kd5 33. g5 Ke6 34. g6 Kd6 35. g7 Kd7 36. g8=Q+ Kd6 37. Qg6+ Kd5 38.
Rh5# {Black checkmated} 1-0

[Event "ICC tourney 2545 (5 3)"]
[Site "Internet Chess Club"]
[Date "2021.04.11"]
[Round "7"]
[White "cap78red"]
[Black "hannabanana"]
[Result "1-0"]
[ICCResult "Black forfeits on time"]
[WhiteElo "1387"]
[BlackElo "1147"]
[Opening "English: three knights system"]
[ECO "A27"]
[NIC "EO.02"]
[Time "16:40:05"]
[TimeControl "300+3"]

1. c4 e5 2. Nc3 Nc6 3. Nf3 Bb4 4. g3 Nf6 5. Nd5 Ba5 6. b4 Nxb4 7. Nxb4 Bxb4
8. Nxe5 d6 9. Nf3 O-O 10. Bg2 Be6 11. Qc2 Qd7 12. O-O Bh3 13. Ng5 Bxg2 14.
Bb2 Be4 15. Nxe4 Nxe4 16. Qxe4 Bxd2 17. Qd4 Bh6 18. f4 c5 19. Qc3 Rae8 20.
f5 f6 21. Qd3 Re7 22. e4 Rfe8 23. Rae1 Qc6 24. Qd5+ Qxd5 25. cxd5 Rxe4 26.
Rxe4 Rxe4 27. Kg2 Re2+ 28. Rf2 {Black forfeits on time} 1-0

[Event "ICC tourney 2545 (5 3)"]
[Site "Internet Chess Club"]
[Date "2021.04.11"]
[Round "7"]
[White "michaelxiao"]
[Black "ehkopean"]
[Result "0-1"]
[ICCResult "White checkmated"]
[WhiteElo "1347"]
[BlackElo "1597"]
[Opening "Sicilian: Alapin's variation (2.c3)"]
[ECO "B22"]
[NIC "SI.47"]
[Time "16:41:15"]
[TimeControl "300+3"]

1. e4 c5 2. c3 Nf6 3. e5 Nd5 4. d4 cxd4 5. cxd4 Nc6 6. Nf3 d6 7. exd6 e6 8.
Nc3 Qxd6 9. Bc4 g6 10. a3 Bg7 11. Nb5 Qd8 12. Bxd5 exd5 13. Bf4 Qe7+ 14. Qe2
Qxe2+ 15. Kxe2 O-O 16. Rhe1 Bg4 17. Kf1 Bxf3 18. gxf3 a6 19. Nc7 Rac8 20.
Nxd5 Bxd4 21. Rab1 Rcd8 22. Ne7+ Nxe7 23. Rxe7 b6 24. Rbe1 Bc5 25. Ra7 a5
26. Rb7 Rd3 27. Kg2 Rb3 28. Be5 Rb5 29. Bc3 Rb3 30. Re5 Bxa3 31. bxa3 Rxc3
32. Rxb6 Rxa3 33. Ra6 h5 34. Raxa5 Rxa5 35. Rxa5 Rc8 36. Re5 Kg7 37. Kg3 Kf6
38. Re4 Rc1 39. Kg2 Kf5 40. Ra4 Rc5 41. Re4 Re5 42. Rxe5+ Kxe5 43. Kg3 Kf5
44. h4 f6 45. f4 Ke4 46. f3+ Ke3 47. f5 gxf5 48. f4 Ke4 49. Kf2 Kxf4 50. Ke2
Kg3 51. Ke3 f4+ 52. Ke2 Kg2 53. Ke1 f3 54. Kd2 f2 55. Ke3 f1=Q 56. Ke4 Kg3
57. Kd5 Kxh4 58. Ke6 Kg4 59. Kf7 h4 60. Kg6 h3 61. Kf7 h2 62. Kg6 h1=Q 63.
Kg7 f5 64. Kg8 f4 65. Kg7 Qc6 66. Kg8 Qd7 67. Kh8 Qa1+ 68. Kg8 Qag7#
{White checkmated}
0-1

[Event "ICC tourney 2545 (5 3)"]
[Site "Internet Chess Club"]
[Date "2021.04.11"]
[Round "7"]
[White "sorrym8"]
[Black "Schlomo"]
[Result "1-0"]
[ICCResult "Black resigns"]
[WhiteElo "1999"]
[BlackElo "1988"]
[Opening "QGD: 4.Nf3"]
[ECO "D37"]
[NIC "QI.01"]
[Time "16:40:06"]
[TimeControl "300+3"]

1. d4 Nf6 2. c4 e6 3. Nf3 d5 4. Nc3 Nbd7 5. cxd5 exd5 6. Bg5 c6 7. Qc2 Be7
8. e3 h6 9. Bh4 O-O 10. Bd3 b6 11. O-O Bb7 12. Rad1 a5 13. Bf5 b5 14. Rfe1
Nb6 15. Ne5 Nfd7 16. Bxe7 Qxe7 17. f4 Nxe5 18. fxe5 Bc8 19. Rf1 Be6 20. Ne2
Nc4 21. Rf3 a4 22. b3 axb3 23. axb3 Na5 24. Rdf1 Rac8 25. Nf4 Bxf5 26. Qxf5
Qg5 27. Qh3 Kh7 28. Rg3 Qe7 29. Nh5 g6 30. Nf6+ Kg7 31. Qh4 Qe6 32. Rh3 Rh8
33. Rg3 Nxb3 34. Nh5+ Kf8 35. Nf4 Qe7 36. Nxg6+ {Black resigns} 1-0

[Event "ICC tourney 2545 (5 3)"]
[Site "Internet Chess Club"]
[Date "2021.04.11"]
[Round "7"]
[White "DuckyBirdLover"]
[Black "infacant"]
[Result "0-1"]
[ICCResult "White resigns"]
[WhiteElo "915"]
[BlackElo "1291"]
[Opening "Four knights: Italian variation"]
[ECO "C55"]
[NIC "IG.01"]
[Time "16:40:56"]
[TimeControl "300+3"]

1. e4 e5 2. Nf3 Nc6 3. Bc4 Nf6 4. Nc3 d6 5. d3 Bg4 6. O-O Nd4 7. h3 Nxf3+ 8.
gxf3 Bxh3 9. Re1 Nd7 10. f4 Qf6 11. Qh5 Qg6+ 12. Qxg6 hxg6 13. Kh2 O-O-O 14.
Bxf7 Be6+ 15. Kg2 Bxf7 16. Kf3 Rh3+ 17. Ke2 Be7 18. Bd2 Rdh8 19. Rg1 c6 20.
Raf1 d5 21. exd5 cxd5 22. Nxd5 Bxd5 23. Kd1 e4 24. d4 Nb6 25. Kc1 Nc4 26.
Ba5 Nxa5 27. Rxg6 Bf6 28. Rg4 Bxd4 29. Kb1 Nc4 30. Rg5 Nd2+ 31. Kc1 Nxf1 32.
Rxd5 Bf6 33. Rd6 Rf3 34. Rd1 Nh2 35. Rh1 Rxf2 {White resigns} 0-1

[Event "ICC tourney 2545 (5 3)"]
[Site "Internet Chess Club"]
[Date "2021.04.11"]
[Round "7"]
[White "CoachConor"]
[Black "skschess"]
[Result "0-1"]
[ICCResult "White forfeits on time"]
[WhiteElo "1054"]
[BlackElo "1333"]
[Opening "Giuoco Piano: four knights variation"]
[ECO "C47"]
[NIC "KP.06"]
[Time "16:40:47"]
[TimeControl "300+3"]

1. e4 e5 2. Nf3 Nc6 3. Nc3 Nf6 4. Bc4 Bc5 5. O-O d6 6. Ng5 O-O 7. Bxf7+ Rxf7
8. Nxf7 Kxf7 9. Nd5 Be6 10. Nxf6 Qxf6 11. Qh5+ Qg6 12. Qf3+ Kg8 13. d3 Nd4
14. Qd1 Bh3 15. g3 Bxf1 16. Qxf1 Rf8 17. Be3 Nf3+ 18. Kh1 Qh5 19. Qg2 Bxe3
20. fxe3 Ng5 21. g4 Qh3 22. Qxh3 Nxh3 23. Rb1 Nf2+ 24. Kg2 Nxg4 25. Kg3 Nxe3
26. Re1 Nxc2 27. Rc1 Nd4 28. b4 c6 29. a4 a6 30. a5 Rf3+ 31. Kg2 Rxd3 32. h4
Rd2+ 33. Kf1 Rb2 34. Rd1 Rxb4 35. Kf2 Ra4 36. Kg3 Rxa5 {White forfeits on
time} 0-1

[Event "ICC tourney 2545 (5 3)"]
[Site "Internet Chess Club"]
[Date "2021.04.11"]
[Round "7"]
[White "racerbil"]
[Black "joey0926"]
[Result "0-1"]
[ICCResult "White checkmated"]
[WhiteElo "1384"]
[BlackElo "1353"]
[Opening "Scotch gambit"]
[ECO "C44"]
[NIC "SO.06"]
[Time "16:40:41"]
[TimeControl "300+3"]

1. e4 e5 2. Nf3 Nc6 3. d4 exd4 4. Bc4 d6 5. c3 dxc3 6. Nxc3 Be7 7. Qd5 Be6
8. Qd3 Nb4 9. Qe2 Bxc4 10. Qxc4 Nc2+ 11. Ke2 Nxa1 12. Bd2 Nc2 13. Rd1 Nf6
14. e5 Nd7 15. e6 fxe6 16. Qxe6 h6 17. Qg6+ Kf8 18. Bc1 Bf6 19. Rd5 Qe8+ 20.
Qxe8+ Rxe8+ 21. Kd2 Nb4 22. Rb5 Nc6 23. Rxb7 Bxc3+ 24. bxc3 Rb8 25. Rxc7
Nde5 26. Nxe5 Nxe5 27. f4 Ng4 28. h3 Nf6 29. Ba3 Kg8 30. Bxd6 Ne4+ 31. Kd3
Nxd6 32. Rd7 Nf5 33. g4 Ng3 34. Ke3 Kh7 35. Kf3 Nf1 36. Kf2 Nh2 37. Kg2 Nxg4
38. hxg4 Rb2+ 39. Kg3 Rxa2 40. f5 Rf8 41. Kf4 Rc2 42. Ke5 Rxc3 43. Rxa7 Re3+
44. Kf4 Re1 45. Rd7 h5 46. g5 Rf1+ 47. Ke4 R1xf5 48. g6+ Kxg6 49. Rd6+ R5f6
50. Rd7 h4 51. Rd3 Re8+ 52. Kd5 Rd8+ 53. Ke4 Rxd3 54. Kxd3 Re6 55. Kd2 Kf5
56. Kd3 Kf4 57. Kd4 Rd6+ 58. Kc5 Rd1 59. Kc4 Ke3 60. Kb3 Rc1 61. Kb2 Rc8 62.
Kb3 Kd4 63. Kb4 Rb8+ 64. Ka5 Kc4 65. Ka6 Kc5 66. Ka7 Rb1 67. Ka8 Kc6 68. Ka7
h3 69. Ka8 Kc7 70. Ka7 Ra1# {White checkmated} 0-1

[Event "ICC tourney 2545 (5 3)"]
[Site "Internet Chess Club"]
[Date "2021.04.11"]
[Round "7"]
[White "fertigto"]
[Black "ZephyrrrYT"]
[Result "0-1"]
[ICCResult "White resigns"]
[WhiteElo "1265"]
[BlackElo "1430"]
[Opening "Caro-Kann: classical variation"]
[ECO "B18"]
[NIC "CK.10"]
[Time "16:41:00"]
[TimeControl "300+3"]

1. e4 c6 2. d4 d5 3. Nc3 dxe4 4. Nxe4 Bf5 5. Nc3 Nf6 6. Nf3 e6 7. Bg5 Be7 8.
Bc4 Nbd7 9. Qd2 O-O 10. O-O h6 11. Bh4 Nd5 12. Bxe7 Qxe7 13. Rfe1 N7f6 14.
Ne5 Rac8 15. Bd3 Bxd3 16. Nxd3 Nxc3 17. Qxc3 Nd5 18. Qc5 Qxc5 19. Nxc5 b6
20. Nd7 Rfd8 21. Ne5 c5 22. dxc5 Rxc5 23. c3 Nf6 24. Nf3 Rcd5 25. Rad1 Rxd1
{White resigns}
0-1

[Event "ICC tourney 2545 (5 3)"]
[Site "Internet Chess Club"]
[Date "2021.04.11"]
[Round "7"]
[White "Hewett555"]
[Black "weakfish"]
[Result "0-1"]
[ICCResult "White resigns"]
[WhiteElo "1258"]
[BlackElo "1346"]
[Opening "Caro-Kann defense"]
[ECO "B10"]
[NIC "CK.01"]
[Time "16:40:05"]
[TimeControl "300+3"]

1. e4 c6 2. Nf3 d5 3. e5 Bg4 4. d4 e6 5. c3 Nd7 6. h3 Bh5 7. Be2 c5 8. O-O
cxd4 9. cxd4 Rc8 10. Nc3 a6 11. Bd2 Bb4 12. a3 Ba5 13. b4 Bb6 14. Na4 Ba7
15. Nc5 Ne7 16. Nxb7 Qc7 17. Nd6+ Kf8 18. Nxc8 Nxc8 19. Rc1 Qb7 20. Qc2 Ke7
21. Bg5+ f6 22. exf6+ gxf6 23. Bh4 Bxf3 24. Bxf3 Bxd4 25. Qc7 Qb5 26. Rfd1
Bb6 27. Qc3 d4 28. Qc4 Qxc4 29. Rxc4 Nd6 30. Rc6 e5 31. Bxf6+ Nxf6 32. Rxb6
e4 33. Bg4 Nxg4 34. hxg4 d3 35. Rxa6 Rg8 36. Ra7+ Ke6 37. a4 Rxg4 38. a5 Nc4
39. Kf1 Rh4 40. f3 Ne3+ 41. Kf2 Nxd1+ 42. Kg3 exf3 43. gxf3 Rxb4 44. Rxh7
Ra4 45. Rh6+ Kd5 46. a6 Ne3 47. Kf2 Nc4 48. a7 Rxa7 49. Rh5+ Kd4 50. Rh4+
Kc3 51. Ke1 Ra1+ 52. Kf2 d2 53. Rh3 d1=Q 54. f4+ Kb4 55. Kg3 Ra3+ 56. Kh4
Rxh3+ 57. Kxh3 Qf3+ 58. Kh4 {White resigns} 0-1

[Event "ICC tourney 2545 (5 3)"]
[Site "Internet Chess Club"]
[Date "2021.04.11"]
[Round "7"]
[White "MillzGambit"]
[Black "GunSlinger"]
[Result "1-0"]
[ICCResult "Black forfeits on time"]
[WhiteElo "1540"]
[BlackElo "1627"]
[Opening "Two knights defense (Modern bishop's opening)"]
[ECO "C55"]
[NIC "IG.01"]
[Time "16:40:46"]
[TimeControl "300+3"]

1. e4 e5 2. Nf3 Nc6 3. Bc4 Nf6 4. d3 Be7 5. Nbd2 O-O 6. Nf1 d5 7. exd5 Nxd5
8. a3 Bg4 9. Bxd5 Qxd5 10. Ne3 Qe6 11. Nxg4 Qxg4 12. O-O f5 13. c3 Rad8 14.
Qb3+ Kh8 15. Qxb7 Rd6 16. h3 Qh5 17. Qxc7 Rg6 18. Nxe5 Nxe5 19. Qxe5 Qxh3
20. Qh2 Qxd3 21. Bf4 Qc2 22. Rab1 Bc5 23. g3 Qd3 24. Rfd1 Qf3 25. Qg2
{Black forfeits on time}
1-0

[Event "ICC tourney 2545 (5 3)"]
[Site "Internet Chess Club"]
[Date "2021.04.11"]
[Round "7"]
[White "Irenaeus"]
[Black "rishik99"]
[Result "0-1"]
[ICCResult "White checkmated"]
[WhiteElo "1716"]
[BlackElo "1393"]
[Opening "Petrov: Nimzovich attack"]
[ECO "C42"]
[NIC "RG.03"]
[Time "16:40:19"]
[TimeControl "300+3"]

1. e4 e5 2. Nf3 Nf6 3. Nxe5 d6 4. Nf3 Nxe4 5. Nc3 Nxc3 6. dxc3 Be7 7. Be3
O-O 8. Qd2 Re8 9. O-O-O Nc6 10. h4 Bg4 11. Be2 Bxf3 12. Bxf3 Bxh4 13. g3 Bf6
14. Rh2 Ne5 15. Bxb7 Rb8 16. Be4 Nc4 17. Bxh7+ Kf8 18. Qd5 Nxb2 19. Rdh1 Re5
20. Qf3 Nc4 21. Bg6 Ke7 22. Bd4 fxg6 23. Bxe5 Nxe5 24. Qd5 c6 25. Qe4 Qb6
26. f4 d5 27. Qe2 Kf7 28. fxe5 Bg5+ 29. Kd1 Qb1# {White checkmated} 0-1

[Event "ICC tourney 2545 (5 3)"]
[Site "Internet Chess Club"]
[Date "2021.04.11"]
[Round "7"]
[White "pokerram"]
[Black "Cramagica"]
[Result "1-0"]
[ICCResult "Black checkmated"]
[WhiteElo "1216"]
[BlackElo "1230"]
[Opening "Sicilian: accelerated fianchetto, Maróczy bind, 6.Be3"]
[ECO "B38"]
[NIC "SI.43"]
[Time "16:40:05"]
[TimeControl "300+3"]

1. e4 c5 2. Nf3 g6 3. d4 cxd4 4. Nxd4 Bg7 5. c4 Nc6 6. Be3 Nf6 7. Nc3 e6 8.
f3 a6 9. Qd2 O-O 10. Be2 Nh5 11. O-O f5 12. f4 fxe4 13. Bxh5 gxh5 14. Rac1
d6 15. Qf2 Nxd4 16. Bxd4 e5 17. Be3 Bg4 18. Qg3 exf4 19. Bxf4 Bd4+ 20. Kh1
Bc5 21. h3 e3 22. hxg4 e2 23. Nxe2 hxg4 24. Qxg4+ Kh8 25. Qh3 Qe7 26. Nc3
Qd7 27. Qxd7 Rg8 28. Nd5 Rg7 29. Qe6 Rag8 30. Qxg8+ Rxg8 31. Rce1 b5 32. b3
bxc4 33. bxc4 a5 34. Re7 a4 35. Nf6 d5 36. Rxh7# {Black checkmated} 1-0